 Dungeon Crawl Stone Soup version 0.17.0-26-gececa24 (webtiles) character file.

15 inmateoo the Firebug (level 2, -2/17 HPs)
             Began as an Octopode Fire Elementalist on Nov 19, 2015.
             Slain by a giant gecko (4 damage)
             ... on level 1 of the Dungeon.
             The game lasted 00:01:09 (645 turns).

inmateoo the Firebug (Octopode Fire Elementalist)    Turns: 645, Time: 00:01:10

Health: -2/17      AC:  1    Str:  7    XL:     2   Next: 50%
Magic:  0/5        EV: 12    Int: 17    God:
Gold:   38         SH:  0    Dex: 12    Spells: 1 memorised, 4 levels left

rFire  . . .     SeeInvis .     (no weapon)
rCold  . . .     Clarity  .     (no shield)
rNeg   . . .     SustAt   .     (helmet restricted)
rPois  .         Gourm    .     (no amulet)
rElec  .         Spirit   .     (no ring)
rCorr  .         Warding  .     (no ring)
rMut   .         Stasis   .     (no ring)
MR     .....                    (no ring)
Stlth  +++.......               (no ring)
                                (no ring)
                                (no ring)
                                (no ring)

@: very slightly contaminated, not resistant to hostile enchantments, fairly
stealthy
A: almost no armour, amphibious, 8 rings, constrict 8, camouflage 1, gelatinous
body 1
a: no special abilities


You were on level 1 of the Dungeon.
You were not hungry.

You visited 1 branch of the dungeon, and saw 1 of its levels.

You collected 38 gold pieces.

Inventory:

Scrolls
 c - a scroll of identify {unknown}
 e - a scroll of magic mapping {unknown}
 f - a scroll of remove curse {unknown}
Potions
 d - a potion of heal wounds {unknown}
 g - a potion of agility {unknown}
 h - a potion of resistance {unknown}
Books
 a - a book of Flames

   Spells                             Type                      Level
   a - Flame Tongue                   Conjuration/Fire             1
   b - Throw Flame                    Conjuration/Fire             2
   c - Conjure Flame                  Conjuration/Fire             3
   d - Inner Flame                    Hexes/Fire                   3
   e - Sticky Flame                   Conjuration/Fire             4
   f - Fireball                       Conjuration/Fire             5
Comestibles
 b - 2 bread rations


   Skills:
 + Level 2.1 Dodging
 + Level 2.8 Stealth
 + Level 2.1 Spellcasting
 + Level 1.2 Conjurations
 * Level 3.4 Fire Magic


You had 4 spell levels left.
You knew the following spells:

 Your Spells              Type           Power        Failure   Level  Hunger
a - Flame Tongue          Conj/Fire      #....        10%         1    #......


Dungeon Overview and Level Annotations

Branches:
Dungeon (1/15)

Altars:


Innate Abilities, Weirdness & Mutations

You cannot wear most types of armour.
You are amphibious.
You can wear up to eight rings at the same time.
You can use your tentacles to constrict eight enemies at once.
Your skin changes colour to match your surroundings (Stealth).
Your rubbery body absorbs attacks (AC +1).


Message History

Casting: Flame Tongue
Confirm with . or Enter, or press ? or * to list all spells.
Aiming: Flame Tongue
Press: ? - help, Shift-Dir - straight line, f/p - giant gecko
Aim: a giant gecko (moderately wounded, clinging)
The flame tongue misses the giant gecko.
The flame tongue hits the gnoll.
The gnoll is moderately wounded.
The giant gecko bites you.
* * * LOW HITPOINT WARNING * * *
Casting: Flame Tongue
Confirm with . or Enter, or press ? or * to list all spells.
Aiming: Flame Tongue
Press: ? - help, Shift-Dir - straight line, f/p - giant gecko
Aim: a giant gecko (moderately wounded, clinging)
The flame tongue misses the giant gecko.
The flame tongue hits the gnoll.
The gnoll is moderately wounded.
The giant gecko bites you.
You die...

#.# #.#
#....###..######## #.#
#.# #.##.# #..# #g###.#
#.##.###..##### #.##..#
#.##..........#
#.#.#.###.#####.#.###.#
##..###.##.#
#.#.###)#### #...#
##g#.# #.#....#....
#...# ##l.#
#.#####.#.#. #...#
##.#@# #.# #..#..
###.###.##.#####.###
#.###.
##.#.###.........#
##.#.. ##.##
#.#####.#.# ##...
#.####.#####.#.#####.#.
#.....#....#.#)......#.
######.###.#.#######.#.
#.###)#.###....#..
#....†..##...##.#.


You could see a gnoll and a giant gecko.

Vanquished Creatures
  2 goblins (D:1)
  4 hobgoblins (D:1)
  2 bats (D:1)
  A giant newt (D:1)
  2 kobolds (D:1)
  4 rats (D:1)
15 creatures vanquished.

Notes
Turn   | Place    | Note
--------------------------------------------------------------
     0 | D:1      | inmateoo the Octopode Fire Elementalist began the quest for the Orb.
     0 | D:1      | Reached XP level 1. HP: 11/11 MP: 3/3
   420 | D:1      | Reached XP level 2. HP: 17/17 MP: 3/5
   645 | D:1      | Slain by a giant gecko

Action                   || total
-------------------------++-------
Melee: Unarmed           ||     9
 Cast: Flame Tongue      ||    22
 Stab: Sleeping          ||     1
